 Dungeon Sprint DCSS version 0.20-a0-809-gaf7f668 (webtiles) character file.

7 esc the Vexing (level 1, -1/9 HPs)
             Began as a Felid Enchanter on Mar 3, 2017.
             Was an Initiate of Wu Jian.
             Slain by a gnoll
             ... wielding a +0 spear
              (10 damage)
             ... in the Dungeon (Sprint VII: "The Pits").
             The game lasted 00:01:27 (78 turns).

esc the Vexing (Felid Enchanter)                      Turns: 78, Time: 00:01:28

Health: -1/9       AC:  1    Str:  4    XL:     1   Next: 91%
Magic:  4/4        EV: 18    Int: 16    God:    Wu Jian [......]
Gold:   0          SH:  0    Dex: 16    Spells: 3/4 levels left
                                        Lives:  0   Deaths: 0

rFire    . . .     SeeInvis +     - Unarmed
rCold    . . .     Gourm    .   (armour unavailable)
rNeg     . . .     Faith    .   (shield unavailable)
rPois    .         Spirit   .   (helmet unavailable)
rElec    .         Reflect  .   (cloak unavailable)
rCorr    .         Harm     .   (gloves unavailable)
MR       .....     NoTele   +   (boots unavailable)
Stlth    +++.......             (no amulet)
Regen    0.1/turn               (no ring)
MPRegen  0.1/turn               (no ring)

@: quick
A: no armour, no weapons or thrown items, stealth, claws 1, fangs 3, see
invisible, carnivore 3, speed 1, shaggy fur 1, slow metabolism 1, sharp paws
a: Renounce Religion


You were in the Dungeon.
You worshipped Wu Jian.
Wu Jian was noncommittal.
You were not hungry.

You visited 1 branch

Inventory:

Scrolls
 h - a scroll of blinking {!r}
 j - 3 scrolls of remove curse
 k - 5 scrolls of amnesia
 l - a scroll of summoning
 m - 2 scrolls of vulnerability {!r!r}
Potions
 c - a potion of curing
 d - a potion of heal wounds
 e - a potion of haste
 f - 4 potions of magic
 g - 3 potions of berserk rage {!q}
 i - 2 potions of invisibility
Books
 a - a book of Maledictions
Comestibles
 b - 8 meat rations {@e2}
 n - a chunk of flesh {@w0}


   Skills:
 + Level 1.2 Fighting
 + Level 3.2 Dodging
 + Level 4.6 Stealth
 + Level 1.8 Unarmed Combat
 + Level 2.4 Spellcasting
 + Level 4.9 Hexes


You had 3 spell levels left.
You knew the following spells:

 Your Spells              Type           Power        Failure   Level  Hunger
v - Corona                Hex            ###....      2%          1    #......


Dungeon Overview and Level Annotations

Branches:
Dungeon (1/1)

Altars:
Ashenzari
Cheibriados
Dithmenos
Elyvilon
Fedhas
Gozag
Hepliaklqana
Kikubaaqudgha
Makhleb
Nemelex Xobeh
Okawaru
Qazlal
Ru
Sif Muna
Trog
Uskayaw
Vehumet
Wu Jian
Xom
Yredelemnul
Zin
The Shining One
Beogh
Jiyva
Lugonu


Innate Abilities, Weirdness & Mutations

You cannot wear armour.
You are incapable of wielding weapons or throwing items.
Your paws allow you to move quietly. (Stealth)
You have sharp claws.
You have razor-sharp teeth.
You have supernaturally acute eyesight. (SInv)
You are carnivorous and can eat meat at any time.
You cover ground quickly.
You are covered in fur. (AC +1)
You have a slow metabolism.
Your sharp claws are effective at attacking unaware monsters.


Message History

You open the door.
A rat comes into view.
There is an open door to the Storerooms (Easy) here.
The helpless rat fails to defend itself.
You claw the rat!
You kill the rat!
You open the door.
There is an open door here.
Things that are here:
a +2 quarterstaff; a +2 trident
Things that are here:
a +2 falchion; a +2 dagger
Things that are here:
a +2 mace; a +2 hand axe You open the door.
There is an open door here.
f - 4 potions of magic (gained 2)
g - 3 potions of berserk rage {!q} (gained 2)
i - 2 potions of invisibility
Things that are here:
10 stones an uncursed staff of energy {@w1+MP, hungerless spells, !d!a}
j - 3 scrolls of remove curse;
k - 5 scrolls of amnesia
l - a scroll of summoning You see here 2 scrolls of vulnerability {!r!r}.
b - 8 meat rations {@e2} (gained 7)
Things that are here:
40 fruits; 7 bread rations {@e1} You see here 2 scrolls of vulnerability {!r!r}.
Things that are here:
40 fruits; 7 bread rations {@e1} You see here 2 scrolls of vulnerability {!r!r}.
Things that are here:
10 stones an uncursed staff of energy {@w1+MP, hungerless spells, !d!a}
There is an open door here.
Things that are here:
10 stones an uncursed staff of energy {@w1+MP, hungerless spells, !d!a} You see here 2 scrolls of vulnerability {!r!r}.
m - 2 scrolls of vulnerability {!r!r}
Things that are here:
10 stones an uncursed staff of energy {@w1+MP, hungerless spells, !d!a}
There is an open door here.
Things that are here:
a +2 mace; a +2 hand axe
Things that are here:
a +2 falchion; a +2 dagger
Things that are here:
a +2 quarterstaff; a +2 trident
There is an open door here.
You open the door.
Found nineteen altars.
There is an open door to the Temple (Safe) here.
Found three altars.
Found three altars.
There is a glowing golden altar of the Shining One here.
There is a glowing silver altar of Zin here.
There is a basalt altar of Yredelemnul here.
There is a shimmering altar of Xom here.
There is an ornate altar of the Wu Jian Council here.
You sit before the altar of Wu Jian.
The Council welcomes you!
There is a shimmering altar of Xom here.
There is a basalt altar of Yredelemnul here.
There is a glowing silver altar of Zin here.
There is a glowing golden altar of the Shining One here.
There is an open door to the Temple (Safe) here.
Okay, then.
You open the door.
A leopard gecko and an ooze come into view.
There is an open door here.
You pounce on the unaware helpless leopard gecko!
You claw the leopard gecko!
You kill the leopard gecko!
The Council accepts your kill.
Your Dodging skill increases to level 3!
Health restored: 8 You pounce on the unaware helpless ooze!
You claw the ooze! The ooze completely misses you.
The ooze hits you but does no damage.
You see here a leopard gecko corpse.
You scratch the ooze.
You kill the ooze!
The Council accepts your kill.
Your Fighting skill increases to level 1!
Health restored: 9 You butcher the leopard gecko corpse.
n - a chunk of flesh {@w0}
Okay, then.
You open the door.
A rat and a gnoll come into view.
A goblin comes into view. It is wielding a dagger.
There is an open door here.
You pounce on the unaware helpless gnoll!
You claw the gnoll! Your bite misses the gnoll.
The gnoll hits you with a spear!
Ouch! That really hurt!
You die...

#_________.#
#_______...###########
##########'##.........
#%.(.')))'.##......#..
##########.##.........
#...........'.........
+#####'#####......#..
#.g#..# #.........
#..@..# ####'#####
#r.#### #.......# #..
#.......# #.g
#.......# ##+
#...<...# #.......#
#.......# #.......#
#########


You could see a gnoll, a goblin (sleeping) and a rat (sleeping).

Vanquished Creatures
  An ooze (D)
  A leopard gecko (D)
  A rat (D)
3 creatures vanquished.

Notes
Turn   | Place    | Note
-------+----------+-------------------------------------------
     0 | D        | esc the Felid Enchanter began the quest for the Orb.
     0 | D        | Reached XP level 1. HP: 7/7 MP: 4/4
    45 | D        | Found a glowing golden altar of the Shining One.
    45 | D        | Found a glowing silver altar of Zin.
    45 | D        | Found a basalt altar of Yredelemnul.
    45 | D        | Found a shimmering altar of Xom.
    45 | D        | Found an ornate altar of the Wu Jian Council.
    45 | D        | Found a bloodstained altar of Trog.
    45 | D        | Found a deep blue altar of Sif Muna.
    45 | D        | Found a sacrificial altar of Ru.
    45 | D        | Found a stormy altar of Qazlal.
    45 | D        | Found an iron altar of Okawaru.
    45 | D        | Found a sparkling altar of Nemelex Xobeh.
    45 | D        | Found a burning altar of Makhleb.
    45 | D        | Found a viscous altar of Jiyva.
    45 | D        | Found a hazy altar of Hepliaklqana.
    45 | D        | Found an opulent altar of Gozag.
    45 | D        | Found a blossoming altar of Fedhas.
    45 | D        | Found a white marble altar of Elyvilon.
    45 | D        | Found a shadowy altar of Dithmenos.
    45 | D        | Found a snail-covered altar of Cheibriados.
    46 | D        | Found a radiant altar of Vehumet.
    46 | D        | Found a corrupted altar of Lugonu.
    46 | D        | Found a roughly hewn altar of Beogh.
    47 | D        | Found a hide-covered altar of Uskayaw.
    47 | D        | Found an ancient bone altar of Kikubaaqudgha.
    47 | D        | Found a shattered altar of Ashenzari.
    53 | D        | Became a worshipper of the Wu Jian Council
    69 | D        | Reached skill level 3 in Dodging
    72 | D        | Reached skill level 1 in Fighting
    78 | D        | Slain by a gnoll

Vault maps used:
D:        pitsprint

Skill      XL: |  1 |
---------------+----+-----
Dodging        | 3 |  3.2
Fighting       | 1 |  1.2
Stealth        | |  4.6
Unarmed Combat | |  1.8
Spellcasting   | |  2.4
Hexes          | |  4.9

Action                   || total
-------------------------++-------
Melee: Unarmed           ||     5
 Stab: Sleeping          ||     4
Armor: Skin              ||     1
Dodge: Dodged            ||     1

Vault maps used:
D:        pitsprint

Table legend:
 A = Turns spent in this place as a percentage of turns spent in the entire game.
 B = Non-inter-level travel turns spent in this place as a percentage of non-inter-level travel turns spent in the entire game.
 C = Inter-level travel turns spent in this place as a percentage of turns spent in this place.
 D = Turns resting spent in this place as a percentage of non-inter-level travel turns spent in this place.
 E = Turns spent auto-exploring this place as a percentage of non-inter-level travel turns spent in this place.
 F = Non-inter-level travel turns spent in this place divided by the number of levels of this place that you've seen.
                   A       B       C       D       E      F
               +-------+-------+-------+-------+-------+----------------------
         Total | 100.0 | 100.0 |   0.0 |   0.0 |   0.0 |  80.0
       Dungeon | 100.0 | 100.0 |   0.0 |   0.0 |   0.0 |  80.0
               +-------+-------+-------+-------+-------+----------------------

Table legend:
 A = Kills in this place as a percentage of kills in entire the game.
 B = Kills by you in this place as a percentage of kills by you in the entire game.
 C = Kills by friends in this place as a percentage of kills by friends in the entire game.
 D = Other kills in this place as a percentage of other kills in the entire game.
 E = Experience gained in this place as a percentage of experience gained in the entire game.
 F = Experience gained in this place divided by the number of levels of this place that you have seen.
                   A       B       C       D       E      F
               +-------+-------+-------+-------+-------+----------------------
         Total | 100.0 | 100.0 |  -nan |  -nan | 100.0 |  11.0
       Dungeon | 100.0 | 100.0 |  -nan |  -nan | 100.0 |  11.0
               +-------+-------+-------+-------+-------+----------------------
